 Dungeon Crawl Stone Soup version 0.30-a0-956-gcec3b41aec (webtiles) character file.

Game seed: 1534646427496576902

2415 billz999 the Slicer (level 9, -2/68 HPs)
             Began as a Gnoll Wanderer on Mar 30, 2023.
             Was a Priest of Kikubaaqudgha.
             Slain by a water moccasin (5 damage)
             ... on level 7 of the Dungeon.
             The game lasted 00:15:20 (6505 turns).

billz999 the Slicer (Gnoll Wanderer)                Turns: 6505, Time: 00:15:21

Health: -2/68      AC:  3    Str: 10    XL:     9   Next: 47%
Magic:  19/19      EV: 13    Int: 14    God:    Kikubaaqudgha [***...]
Gold:   301        SH: 12    Dex: 21    Spells: 20/21 levels left

rFire   . . .      SeeInvis +    u - +0 rapier (venom)
rCold   . . .      Faith    .    C - +2 kite shield
rNeg    . . .      Spirit   .    d - +0 robe
rPois   .          Reflect  .    (no helmet)
rElec   .          Rampage  .    q - +0 cloak
rCorr   .                        (no gloves)
Will    .....                    (no boots)
Stlth   +++                      (no amulet)
HPRegen 0.31/turn                g - +6 ring of dexterity
MPRegen 0.16/turn                m - ring of see invisible

@: lethally poisoned (-2 -> -13)
A: fangs 1, strong nose, distributed training
a: Renounce Religion, Unearth Wretches


You were on level 7 of the Dungeon.
You worshipped Kikubaaqudgha.
Kikubaaqudgha was most pleased with you.
You visited 1 branch of the dungeon, and saw 7 of its levels.
You also visited: Ossuary.

You collected 421 gold pieces.
You spent 120 gold pieces at shops.

Inventory:

Hand Weapons
 a - a +0 sling
 b - the +5 mace "Figonnil" {freeze, +Blink Dex+5}
   (You found it on level 4 of the Dungeon)

   Dex:       It affects your dexterity (+5).
   +Blink:    It lets you blink.
 i - a +0 spear of distortion
 p - a +2 dagger of distortion
 u - a +0 rapier of venom (weapon)
 x - a +2 dagger of chaos
Missiles
 y - 3 curare-tipped darts
Armour
 d - a +0 robe (worn)
 q - a +0 cloak (worn)
 C - a +2 kite shield (worn)
Jewellery
 g - a +6 ring of dexterity (left hand)
 m - a ring of see invisible (right hand)
 z - a ring of protection from cold
 B - a ring of protection from fire
Wands
 v - a wand of iceblast (10)
Scrolls
 c - a scroll of fog
 e - 4 scrolls of vulnerability
 f - 4 scrolls of identify
 j - a scroll of enchant armour
Potions
 h - a potion of heal wounds
 k - 2 potions of lignification {unknown}
 l - a potion of mutation {unknown}
 n - 2 potions of curing
 o - 4 potions of flight {unknown}
 r - a potion of cancellation {unknown}
 s - a potion of brilliance {unknown}
 t - 5 potions of attraction {unknown}
 w - 2 potions of ambrosia {unknown}
 A - 2 potions of might {unknown}


   Skills:
 + Level 5.2 Fighting
 + Level 9.7 Short Blades
 + Level 4.4 Long Blades
 + Level 4.4 Axes
 + Level 4.4 Maces & Flails
 + Level 4.4 Polearms
 + Level 4.4 Staves
 + Level 4.4 Ranged Weapons
 + Level 5.2 Throwing
 + Level 4.4 Armour
 + Level 4.4 Dodging
 + Level 5.1 Stealth
 + Level 4.4 Shields
 + Level 4.4 Unarmed Combat
 + Level 6.8 Spellcasting
 + Level 3.6 Conjurations
 + Level 3.6 Hexes
 + Level 3.6 Summonings
 + Level 3.6 Necromancy
 + Level 3.6 Translocations
 + Level 3.6 Transmutations
 + Level 3.6 Fire Magic
 + Level 3.6 Ice Magic
 + Level 3.6 Air Magic
 + Level 3.6 Earth Magic
 + Level 3.6 Poison Magic
 + Level 4.9 Invocations
 + Level 5.2 Evocations


You had 20 spell levels left.
You knew the following spells:

 Your Spells              Type           Power      Damage    Failure   Level
a - Sting                 Tmut/Pois      60%        1d6       10%         1

Your spell library contained the following spells:

 Spells                   Type           Power      Damage    Failure   Level
 Kiss of Death            Conj/Necr      60%        2d10      10%         1
 Necrotise                Necr           60%        1d7       10%         1
 Cigotuvi's Dreadful Rot  Necr/Pois/Air  30%        N/A       14%         2
 Sublimation of Blood     Necr           15%        N/A       14%         2
 Spider Form              Tmut/Pois      15%        N/A       28%         3
 Anguish                  Hex/Necr       7%         N/A       67%         4
 Dispel Undead            Necr           15%        3d10      67%         4
 Agony                    Necr           15%        N/A       95%         5
 Borgnjor's Vile Clutch   Necr/Erth      7%         N/A       95%         5
 Death Channel            Necr           7%         N/A       100%        6
 Enfeeble                 Hex            7%         N/A       100%        7


Dungeon Overview and Level Annotations

Branches:
Dungeon (7/15)             Temple (0/1) D:5         Ossuary (visited)

Altars:
Kikubaaqudgha
Makhleb
Vehumet
Wu Jian
Xom
Zin

Shops:
D:5 [   D:7 *

Annotations:
D:4 2 transporters, superbruh's ghost, amateur GrFi


Innate Abilities, Weirdness & Mutations

You have very sharp teeth.
Your uncanny sense of smell can sniff out nearby items.
Your experience applies equally to all skills.


Message History

You are poisoned.
The water moccasin poisons you!
The water moccasin bites you but does no damage.
You feel very sick.
You feel very sick.
The water moccasin looks more healthy.
You hit the water moccasin.
You bite the water moccasin, but do no damage.
The water moccasin is almost dead.
You feel sick. The water moccasin bites you.
* * * LOW HITPOINT WARNING * * *
You are lethally poisoned!
The water moccasin poisons you!
You feel better. The water moccasin barely misses you.
The water moccasin bites you!
* * * LOW HITPOINT WARNING * * *
You barely miss the water moccasin. Your bite misses the water moccasin.
The water moccasin is almost dead.
The water moccasin bites you.
* * * LOW HITPOINT WARNING * * *
The orc wizard casts a spell at you. The magic dart hits you.
* * * LOW HITPOINT WARNING * * *
You block the water moccasin's attack.
You barely miss the water moccasin.
The water moccasin is almost dead.
The water moccasin bites you.
* * * LOW HITPOINT WARNING * * *
You are lethally poisoned!
The water moccasin poisons you!
Unknown command.
You closely miss the water moccasin.
The water moccasin is almost dead.
* * * LOW HITPOINT WARNING * * *
You feel very sick.
The orc wizard gestures wildly while chanting.
The orc wizard flickers and vanishes for a moment.
The water moccasin bites you.
You die...
Kikubaaqudgha rasps: "You have failed me!
Welcome... death!"

♣....OyY....♣ #......
♣♣♣♣♣♣l♣♣♣♣♣♣ #...... ♣.♣ ∆
##.##...
##########♣o♣#############.....##
.♣.#...)....YOl....#.....#.(.###
♣..♣)♣♣♣♣♣...♣♣♣♣♣.♣♣♣♣♣)#...#
...).♣ ♣.♣.♣ ♣..♣♣.......#
♣..♣.♣♣♣♣♣...♣♣♣♣♣l♣♣♣♣♣.#...#
.♣.#...........o@SS#)....#...#
##########################...#
#.....................<.#
######.#.....###..>.......#...#
)......#.###.# #.#....###.#.#.#
#####.##.# #.# #.#.#### #.#.#..#
#.##.# #.# #.#[. ....##.# #.##.#
#.. ..#### #..## .. #.##.# ###
### ##.. .#


You could see a komodo dragon, 2 water moccasins and an orc wizard (invisible).

Vanquished Creatures
  Prince Ribbit (D:5)
  A steam dragon (D:7)
  A wraith (Ossuary)
  Eustachio (D:6)
  A water moccasin (D:7)
  Pargi (D:3)
  A black bear (D:5)
  A sky beast (D:7)
  An ice beast (D:7)
  An orc warrior (D:7)
  An ogre (D:7)
  A centaur (D:7)
  3 scorpions (D:5)
  A howler monkey (D:4)
  A crimson imp (D:4)
  5 hounds
  3 orc priests
  A jelly (D:6)
  3 sleepcaps
  3 iguanas
  Ijyb (D:4)
  Natasha (D:2)
  4 orc wizards
  A mummy (Ossuary)
  11 adders
  A white imp (D:6)
  An ufetubus (D:7)
  3 dart slugs
  23 orcs
  7 ball pythons
  2 endoplasms
  6 giant cockroaches
  14 goblins
  3 hobgoblins
  5 jackals
  7 kobolds
  3 quokkas
  5 bats
  2 frilled lizards
  2 gnoll skeletons (Ossuary)
  6 kobold skeletons (Ossuary)
  12 orc skeletons (Ossuary)
  4 rats
156 creatures vanquished.

Vanquished Creatures (others)
  A plant (D:4)
1 creature vanquished.

Grand Total: 157 creatures vanquished

Notes
Turn   | Place    | Note
-------+----------+-------------------------------------------
     0 | D:1      | billz999 the Gnoll Wanderer began the quest for the Orb.
     0 | D:1      | billz999 set off with the following items: a +0 rapier, a
                  | +0 cloak, a scroll of fog, a +0 robe; and the following
                  | spell memorised: Sting; and the following spells available
                  | to memorise: Spider Form.
     0 | D:1      | Reached XP level 1. HP: 17/17 MP: 6/6
   180 | D:1      | Reached XP level 2. HP: 23/23 MP: 7/7
   242 | D:1      | Found a faded altar of an unknown god.
   702 | D:2      | Found an ancient bone altar of Kikubaaqudgha.
   710 | D:2      | Became a worshipper of Kikubaaqudgha
   862 | D:2      | Reached skill level 5 in Spellcasting
   862 | D:2      | Reached XP level 3. HP: 28/28 MP: 4/9
  1151 | D:2      | Noticed Natasha
  1162 | D:2      | Killed Natasha
  1163 | D:2      | Reached skill level 1 in Long Blades
  1163 | D:2      | Reached skill level 1 in Axes
  1163 | D:2      | Reached skill level 1 in Maces & Flails
  1163 | D:2      | Reached skill level 1 in Polearms
  1163 | D:2      | Reached skill level 1 in Staves
  1163 | D:2      | Reached skill level 1 in Ranged Weapons
  1163 | D:2      | Reached skill level 1 in Armour
  1163 | D:2      | Reached skill level 1 in Dodging
  1163 | D:2      | Reached skill level 1 in Shields
  1163 | D:2      | Reached skill level 1 in Unarmed Combat
  1163 | D:2      | Reached skill level 1 in Invocations
  1304 | D:3      | Noticed Pargi
  1306 | D:3      | Killed Pargi
  1307 | D:3      | Reached skill level 1 in Conjurations
  1307 | D:3      | Reached skill level 1 in Hexes
  1307 | D:3      | Reached skill level 1 in Summonings
  1307 | D:3      | Reached skill level 1 in Necromancy
  1307 | D:3      | Reached skill level 1 in Translocations
  1307 | D:3      | Reached skill level 1 in Transmutations
  1307 | D:3      | Reached skill level 1 in Fire Magic
  1307 | D:3      | Reached skill level 1 in Ice Magic
  1307 | D:3      | Reached skill level 1 in Air Magic
  1307 | D:3      | Reached skill level 1 in Earth Magic
  1307 | D:3      | Reached skill level 1 in Poison Magic
  1307 | D:3      | Reached XP level 4. HP: 35/35 MP: 11/11
  1307 | D:3      | Reached XP level 5. HP: 41/41 MP: 12/12
  1673 | D:3      | Reached * piety under Kikubaaqudgha
  1673 | D:3      | Received a gift from Kikubaaqudgha
  1871 | D:4      | Found a radiant altar of Vehumet.
  1871 | D:4      | Found a glowing silver altar of Zin.
  1888 | D:4      | Found an ornate altar of the Wu Jian Council.
  1925 | D:4      | Reached XP level 6. HP: 24/47 MP: 10/14
  1957 | D:4      | Found a sand-covered staircase.
  1962 | Ossuary  | Entered an ossuary
  1962 | Ossuary  | Noticed a wraith
  1962 | Ossuary  | Noticed a wraith
  1962 | Ossuary  | Noticed a wraith
  2127 | Ossuary  | Noticed a wraith
  2164 | Ossuary  | Killed a wraith
  2398 | D:4      | Found a transporter.
  2399 | D:4      | Noticed superbruh's ghost (amateur GrFi)
  2401 | D:4      | Found a transporter.
  2481 | D:4      | Reached XP level 7. HP: 40/52 MP: 12/15
  2529 | D:4      | Reached ** piety under Kikubaaqudgha
  2862 | D:4      | Identified the +5 mace "Figonnil" {freeze, +Blink Dex+5}
  2998 | D:4      | Reached skill level 9 in Short Blades
  3257 | D:4      | You fall into a shaft and drop 2 floors!
  3496 | D:6      | Noticed Eustachio
  3522 | D:6      | HP: 1/53 [quokka[Eustachio] (4)]
  3550 | D:5      | Entered Level 5 of the Dungeon
  3680 | D:5      | Reached XP level 8. HP: 43/60 MP: 13/16
  3976 | D:5      | Found a staircase to the Ecumenical Temple.
  4064 | D:5      | Found Erlang's Dragon-Slaying Spoils.
  4147 | D:5      | Noticed Prince Ribbit
  4156 | D:5      | Killed Prince Ribbit
  4421 | D:4      | Noticed Ijyb
  4424 | D:4      | Killed Ijyb
  4677 | D:4      | Found a burning altar of Makhleb.
  4677 | D:4      | Found a shimmering altar of Xom.
  5222 | D:6      | Reached *** piety under Kikubaaqudgha
  5222 | D:6      | Received a gift from Kikubaaqudgha
  5395 | D:6      | Killed Eustachio
  5660 | D:7      | Reached XP level 9. HP: 41/67 MP: 18/18
  6038 | D:7      | Found Wijej's Assorted Antiques.
  6047 | D:7      | Bought a sapphire ring for 120 gold pieces
  6071 | D:7      | Reached skill level 5 in Fighting
  6071 | D:7      | Reached skill level 5 in Throwing
  6071 | D:7      | Reached skill level 5 in Evocations
  6177 | D:7      | Reached skill level 5 in Stealth
  6464 | D:7      | Noticed a komodo dragon
  6505 | D:7      | HP: 3/68 [poisoned by a water moccasin]
  6505 | D:7      | Slain by a water moccasin

Illustrated notes

Levels and vault maps discovered:
D:1:      wander_arrival_desolate, layout_rooms, basic_ecumenical_altar
D:2:      layout_loops_cross, basic_altar, uniq_natasha
D:3:      layout_basic, minmay_distorted, uniq_pargi
D:4:      layout_loops_corners, grunt_temple_overflow_open,
          grunt_temple_overflow_champion_of_chaos, gammafunk_ghost_arena,
          enter_ossuary_2, serial_forest, infiniplex_forest_clump_small,
          infiniplex_forest_lined_room_, infiniplex_forest_straight_3,
          infiniplex_forest_clump_double, infiniplex_forest_straight_4,
          infiniplex_forest_straight_3, infiniplex_forest_zigzag_1,
          infiniplex_forest_zigzag_2, infiniplex_forest_straight_2, uniq_ijyb
D:5:      layout_rooms, minmay_temple_entry_poolview, nicolae_shop_dragon_depot,
          uniq_prince_ribbit1
D:6:      layout_loops_cross, gup_sewer_entry_pipe, uniq_eustachio
D:7:      nzn_winding_woodlands_large [nzn_winding_woodlands_hourglass,
          nzn_winding_woodlands_5x15_concentric,
          nzn_winding_woodlands_5x5_three,
          nzn_winding_woodlands_center_pierced_h,
          nzn_winding_woodlands_15x15_killbox,
          nzn_winding_woodlands_center_lodge,
          nzn_winding_woodlands_5x5_closed_star,
          nzn_winding_woodlands_5x15_pool, nzn_winding_woodlands_5x5_open_star],
          layout_basic, serial_shops, shop

Skill      XL: |  1  2  3  4  5  6  7  8  9 |
---------------+----------------------------+-----
Spellcasting   | 5 6 |  6.8
Long Blades    | 1 2 3 4 |  4.4
Axes           | 1 2 3 4 |  4.4
Maces & Flails | 1 2 3 4 |  4.4
Polearms       | 1 2 3 4 |  4.4
Staves         | 1 2 3 4 |  4.4
Ranged Weapons | 1 2 3 4 |  4.4
Armour         | 1 2 3 4 |  4.4
Dodging        | 1 2 3 4 |  4.4
Shields        | 1 2 3 4 |  4.4
Unarmed Combat | 1 2 3 4 |  4.4
Invocations    | 1 2 3 4 |  4.9
Fighting       | 3 4 5 |  5.2
Throwing       | 3 4 5 |  5.2
Conjurations   | 1 2 3 |  3.6
Hexes          | 1 2 3 |  3.6
Summonings     | 1 2 3 |  3.6
Necromancy     | 1 2 3 |  3.6
Translocations | 1 2 3 |  3.6
Transmutations | 1 2 3 |  3.6
Fire Magic     | 1 2 3 |  3.6
Ice Magic      | 1 2 3 |  3.6
Air Magic      | 1 2 3 |  3.6
Earth Magic    | 1 2 3 |  3.6
Poison Magic   | 1 2 3 |  3.6
Evocations     | 3 4 5 |  5.2
Stealth        | 3 4 5 |  5.1
Short Blades   | 9 |  9.7

Action                     |  1- 3 |  4- 6 |  7- 9 || total
---------------------------+-------+-------+-------++-------
  Melee: Rapier            |    27 |   123 |   299 ||   449
         Bite              |     3 |    10 |    30 ||    43
         Punch             |       |     3 |     6 ||     9
         Mace              |       |       |    10 ||    10
   Fire: Sling             |       |       |     4 ||     4
  Throw: Dart              |       |       |     5 ||     5
   Cast: Sting             |    33 |    60 |    61 ||   154
    Use: Scroll            |       |     7 |     2 ||     9
         Potion            |       |     2 |     3 ||     5
   Stab: Sleeping          |     3 |       |    11 ||    14
         Distracted        |       |     1 |       ||     1
 Armour: Robe              |     7 |    28 |    48 ||    83
  Dodge: Dodged            |    20 |    63 |   208 ||   291
  Block: Kite shield       |       |       |    27 ||    27

Table legend: (Time is in decaauts)
 A = Elapsed time spent in this place.
 B = Non-inter-level travel time spent in this place.
 C = Inter-level travel time spent in this place.
 D = Time resting spent in this place.
 E = Time spent auto-exploring this place.
 F = Levels seen in this place.
 G = Mean time per level.
                   A        B        C        D        E       F      G
               +--------+--------+--------+--------+--------+-----+--------+
         Total |   6422 |   6109 |    313 |    619 |   4321 |   8 |  802.8 |
       Dungeon |   6022 |   5709 |    313 |    507 |   4205 |   7 |  860.3 |
       Ossuary |    400 |    400 |      0 |    112 |    116 |   1 |  400.0 |
               +--------+--------+--------+--------+--------+-----+--------+

Top non-repeatable levels by time:
     D:4: 1545 daAuts
     D:6: 948 daAuts
     D:7: 845 daAuts
     D:5: 826 daAuts
     D:2: 805 daAuts
     D:3: 560 daAuts
     D:1: 491 daAuts
 Ossuary: 400 daAuts
